 Dungeon Crawl Stone Soup version 0.31.0-9-g3a7656b989 (webtiles) character file.

Game seed: 2208752728022770385

5238 qw the Skirmisher (level 10, -3/84 HPs)
             Began as a Demigod Hunter on Feb 2, 2024.
             Succumbed to Erica's bolt of poison
             ... on level 8 of the Dungeon.
             The game lasted 00:00:41 (6960 turns).

qw the Skirmisher (Demigod Hunter)                  Turns: 6960, Time: 00:00:41

Health: -3/84      AC: 10    Str: 12    XL:     10   Next: 14%
Magic:  13/13      EV: 16    Int: 14    God:
Gold:   171        SH:  0    Dex: 29    Spells: 9/9 levels left

rFire   + . .        l - +3 arbalest (drain)
rCold   . . .        (shield currently unavailable)
rNeg    . . .        i - +0 steam dragon scales
rPois   .            h - +2 helmet of Greed {rF+ Int+3 Stlth+}
rElec   .            c - +0 cloak
rCorr   .            (no gloves)
SInv    .            n - +0 pair of boots
Will    +....        u - amulet of regeneration
Stlth   +++          (no ring)
HPRegen 1.14/turn    (no ring)
MPRegen 0.13/turn

%: no passive effects
@: lethally poisoned (-3 -> -16), constricted
A: high MP 1, forlorn, divine attributes
a: no special abilities


You were on level 8 of the Dungeon.
You visited 1 branch of the dungeon, and saw 8 of its levels.
You also visited: Sewer.

You collected 591 gold pieces.
You spent 420 gold pieces at shops.


Innate Abilities, Weirdness & Mutations

You have an increased reservoir of magic. (+10% MP)
You shall have no god before yourself.
Your divine heritage dramatically boosts your attributes as you level up.


   Skills:
 - Level 6.4 Fighting
 - Level 11.0 Ranged Weapons
 + Level 2.5 Armour
 - Level 7.0 Dodging
 - Level 0.8 Stealth


You had 9 spell levels left.
You didn't know any spells.
Your spell library was empty.

Inventory:

Hand Weapons
 l - a +3 arbalest of draining (weapon)
Armour
 c - a +0 cloak (worn)
 h - the +2 helmet of Greed (worn) {rF+ Int+3 Stlth+}
   (You found it on level 3 of the Dungeon)

   Int+3:     It affects your intelligence (+3).
   rF+:       It protects you from fire.
   Stlth+:    It makes you more stealthy.
 i - +0 steam dragon scales (worn)
 n - a +0 pair of boots (worn)
Jewellery
 u - an amulet of regeneration (around neck)
Wands
 a - a wand of digging (7)
 d - a wand of paralysis (17)
 g - a wand of iceblast (6)
Scrolls
 b - 4 scrolls of teleportation
Potions
 e - 2 potions of resistance
 f - a potion of cancellation
 j - a potion of curing
 m - a potion of enlightenment {unknown}
 o - 2 potions of might
 q - a potion of attraction {unknown}
 s - 2 potions of lignification {unknown}
 t - a potion of heal wounds {unknown}

Dungeon Overview and Level Annotations

Branches:
Dungeon (8/15)             Temple (0/1) D:5           Sewer (visited)
   Lair: D:8-11

Shops:
D:6 =

Annotations:
D:8 Erica


Message History

Erica hits you with a +3 scimitar of flaming!
Erica completely misses you.
You shoot a bolt. The bolt misses Erica.
The bolt hits the bullfrog!
The bullfrog is heavily wounded.
Erica hits you with a +3 scimitar of flaming!
Erica burns you. Erica grabs you. Erica constricts you.
You shoot a bolt. The bolt hits Erica!
You drain Erica.
Erica is moderately wounded.
Erica mumbles some strange words.
Erica flickers and vanishes!
Deactivating autopickup; reactivate with Ctrl-A.
You are constricted.
Something hits you.
You are constricted.
You shoot a bolt. The bolt hits the bullfrog!
You kill the bullfrog!
Something hits you!
You are constricted.
Your Dodging skill increases to level 7!
You shoot a bolt.
You hear some strange, mumbled words.
A bolt of poison appears from out of thin air!
The bolt of poison hits you!
You are poisoned.
You are constricted.
You shoot a bolt.
You feel very sick. Something hits you but does no damage.
You are constricted.
You hear some strange, mumbled words.
A bolt of poison appears from out of thin air!
The bolt of poison misses you.
You are constricted.
You shoot a bolt.
You feel very sick. Something hits you. Something burns you.
You are constricted.
You shoot a bolt.
You feel very sick.
You hear some strange, mumbled words.
A bolt of poison appears from out of thin air!
The bolt of poison hits you!
You are more poisoned.
You are constricted.
You shoot a bolt.
You die...

###########
#.........#
#.#######.# #.#
#.# #.# #.# #.#
#.# # #.# #.#
##.##.#.#######.#
......{@......#.#
.#..#########.#.#
.. #.# #.# #.#
#.# #.# #.# #.#


There were no monsters in sight!

Vanquished Creatures
  A gargoyle (D:6)
  Psyche (D:8)
  A rime drake (D:8)
  A hornet (D:7)
  3 yaks (D:7)
  A steam dragon (D:7)
  2 water moccasins
  3 sky beasts
  An ogre (D:6)
  3 ice beasts (D:8)
  A black bear (D:8)
  5 centaurs
  A kobold brigand (Sewer)
  2 phantoms
  2 bullfrogs
  3 scorpions
  7 wights
  A killer bee (D:6)
  3 howler monkeys
  3 hounds
  8 jellies
  4 orc priests
  5 iguanas
  2 sleepcaps
  2 gnoll boudas (D:6)
  6 orc wizards
  20 gnolls
  A river rat (D:3)
  13 adders
  A shadow imp (D:7)
  3 white imps
  2 ufetubi (D:5)
  3 ribbon worms
  2 dart slugs
  25 orcs
  6 ball pythons
  2 bats
  3 endoplasms (D:1)
  5 giant cockroaches
  6 goblins
  9 hobgoblins
  7 jackals
  4 quokkas
  A frilled lizard (D:1)
  13 kobolds
  2 quokka zombies (D:6)
  10 rats
  A butterfly (D:6)
211 creatures vanquished.

Vanquished Creatures (others)
  A wight (D:8)
1 creature vanquished.

Grand Total: 212 creatures vanquished

Notes
Turn   | Place    | Note
-------+----------+-------------------------------------------
     0 | D:1      | qw the Demigod Hunter began the quest for the Orb.
     0 | D:1      | Reached XP level 1. HP: 17/17 MP: 3/3
     0 | D:1      | 0 ||| qw: Version: 0.3-a-155-g5e7d8dd
     0 | D:1      | 0 ||| qw: Game counter: 470
     0 | D:1      | 0 ||| qw: Melee chars always use a shield: true
     0 | D:1      | 0 ||| qw: God list: Okawaru
     0 | D:1      | 0 ||| qw: Allow faded altars: false
     0 | D:1      | 0 ||| qw: Do Orc after clearing Dungeon:15 true
     0 | D:1      | 0 ||| qw: Do second Lair branch before Depths: true
     0 | D:1      | 0 ||| qw: Lair rune preference: random
     0 | D:1      | 0 ||| qw: Goals: Normal
     0 | D:1      | 0 ||| PLANNING D:1-11
    72 | D:1      | Reached skill level 4 in Ranged Weapons
   132 | D:1      | Reached XP level 2. HP: 24/24 MP: 4/4
   612 | D:1      | Reached XP level 3. HP: 29/29 MP: 5/5
   773 | D:1      | 773 ||| READING scroll labelled COTIG TEAR.
   776 | D:1      | 776 ||| DROPPING scroll of butterflies.
   988 | D:2      | Reached skill level 5 in Ranged Weapons
  1182 | D:2      | Reached XP level 4. HP: 35/36 MP: 6/6
  1194 | D:2      | 1194 ||| DROPPING ring of flight.
  1195 | D:2      | 1195 ||| READING scroll labelled CUGUEJ XEONEKEM.
  1196 | D:2      | 1196 ||| READING scroll labelled VAICEU LOXZERI.
  1197 | D:2      | 1197 ||| READING scroll labelled WIENOU ERESOS.
  1198 | D:2      | 1198 ||| READING scroll labelled EVAULY RAPSO.
  1220 | D:3      | 1220 ||| PLANNING SEWER
  1465 | D:3      | Identified the +2 helmet of Greed {rF+ Int+3 Stlth+}
  1472 | D:3      | Found a glowing drain.
  1475 | D:3      | 1475 ||| UPGRADING to +0 ring mail.
  1485 | D:3      | 1485 ||| DROPPING +0 leather armour.
  1486 | D:3      | 1486 ||| UPGRADING to +2 helmet of Greed {rF+ Int+3
                  | Stlth+}.
  1491 | D:3      | 1491 ||| READING scroll labelled FIUBBU PEGO.
  1658 | Sewer    | Entered a sewer
  1662 | Sewer    | Reached skill level 1 in Armour
  1954 | Sewer    | Noticed a kobold brigand
  1977 | Sewer    | Killed a kobold brigand
  1978 | Sewer    | Reached skill level 6 in Ranged Weapons
  1978 | Sewer    | Reached XP level 5. HP: 17/41 MP: 7/7
  2178 | Sewer    | 2178 ||| READING 2 scrolls labelled TUMAUT XETET.
  2179 | Sewer    | 2179 ||| DRINKING 3 yellow potions.
  2180 | Sewer    | 2180 ||| DROPPING scroll of noise.
  2192 | D:3      | 2192 ||| PLANNING D:1-11
  2636 | D:3      | Reached skill level 3 in Fighting
  2808 | D:3      | 2808 ||| READING scroll labelled TIQOTAR QIEFABB.
  2808 | D:3      | 2808 ||| BRANDING +0 shortbow.
  2809 | D:3      | 2809 ||| DRINKING 2 inky potions.
  2847 | D:4      | 2847 ||| STAIRDANCE
  2860 | D:4      | 2860 ||| STAIRDANCE
  2902 | D:4      | 2902 ||| STAIRDANCE
  2970 | D:4      | 2970 ||| STAIRDANCE
  3001 | D:4      | 3001 ||| STAIRDANCE
  3043 | D:4      | 3043 ||| STAIRDANCE
  3134 | D:4      | 3134 ||| STAIRDANCE
  3155 | D:4      | Reached XP level 6. HP: 41/51 MP: 8/8
  3155 | D:4      | 3155 ||| STAIRDANCE
  3193 | D:4      | 3193 ||| STAIRDANCE
  3229 | D:4      | 3229 ||| STAIRDANCE
  3559 | D:4      | Reached skill level 3 in Dodging
  3978 | D:4      | 3978 ||| UPGRADING to +0 cloak.
  3983 | D:4      | 3983 ||| DROPPING scarf of invisibility.
  3993 | D:5      | Entered Level 5 of the Dungeon
  4007 | D:5      | 4007 ||| SWAPPING to +2 arbalest of draining.
  4008 | D:5      | 4008 ||| DROPPING +0 shortbow of freezing.
  4043 | D:5      | Reached skill level 7 in Ranged Weapons
  4043 | D:5      | Reached XP level 7. HP: 52/57 MP: 9/9
  4100 | D:5      | Found a staircase to the Ecumenical Temple.
  4485 | D:5      | Reached skill level 8 in Ranged Weapons
  4646 | D:5      | 4646 ||| UPGRADING to +0 pair of boots.
  4651 | D:5      | 4651 ||| READING scroll labelled ELEDOT GUUPTORPHEA.
  4652 | D:5      | 4652 ||| READING scroll labelled YRCHUVV ESHUFUINYH.
  4652 | D:5      | 4652 ||| IDENTIFYING white potion
  4653 | D:5      | 4653 ||| DRINKING 2 golden potions.
  4655 | D:5      | 4655 ||| Stepping ~*~*~tactically~*~*~ (cloud).
  4775 | D:6      | 4775 ||| PLANNING OSSUARY
  4804 | D:6      | Identified the +3 robe of Lom Joror {Rampage Stlth+
                  | Archmagi}
  4897 | D:6      | 4897 ||| RETREEEEATING.
  4899 | D:6      | 4899 ||| RETREEEEATING.
  4900 | D:6      | 4900 ||| RETREEEEATING.
  4902 | D:6      | 4902 ||| RETREEEEATING.
  4908 | D:6      | Reached XP level 8. HP: 51/66 MP: 10/10
  5379 | D:6      | Noticed an angel
  5488 | D:6      | Found a sand-covered staircase.
  5489 | D:6      | 5489 ||| UPGRADING to +3 robe of Lom Joror {Rampage Stlth+
                  | Archmagi}.
  5499 | D:6      | 5499 ||| RIP OSSUARY
  5499 | D:6      | 5499 ||| PLANNING D:1-11
  5499 | D:6      | 5499 ||| DROPPING +0 ring mail.
  5583 | D:6      | Noticed a gargoyle
  5584 | D:6      | Reached skill level 9 in Ranged Weapons
  5590 | D:6      | Killed a gargoyle
  5590 | D:6      | HP: 13/66 [centaur/arrow (6)]
  5591 | D:6      | 5591 ||| READING 5 scrolls of teleportation.
  5842 | D:6      | Found Vadwi's Jewellery Shop.
  5860 | D:6      | 5860 ||| SHOPLISTING +6 ring of strength (504 gold, have
                  | 452).
  5860 | D:6      | 5860 ||| BUYING amulet of regeneration (420 gold).
  5860 | D:6      | Bought an amulet of regeneration for 420 gold pieces
  5860 | D:6      | 5860 ||| SHOPLISTING ring "Wusaoll" {^Contam rF+++ rCorr
                  | Int+6 SInv} (1150 gold, have 32).
  5860 | D:6      | 5860 ||| SHOPLISTING ring of ice (350 gold, have 32).
  5860 | D:6      | 5860 ||| SHOPLISTING ring of protection from fire (350
                  | gold, have 32).
  5860 | D:6      | 5860 ||| SHOPLISTING ring of see invisible (210 gold, have
                  | 32).
  6050 | D:6      | 6050 ||| FLEEEEING.
  6051 | D:6      | 6051 ||| FLEEEEING.
  6145 | D:6      | Reached XP level 9. HP: 74/74 MP: 11/11
  6208 | D:6      | 6208 ||| UPGRADING to amulet of regeneration.
  6239 | D:6      | 6239 ||| READING 2 scrolls of identify.
  6239 | D:6      | 6239 ||| IDENTIFYING metallic coppery potion
  6240 | D:6      | 6240 ||| READING scroll of identify.
  6240 | D:6      | 6240 ||| IDENTIFYING silvery potion
  6241 | D:6      | 6241 ||| READING scroll labelled AME YFREUHARU.
  6276 | D:6      | 6276 ||| READING scroll labelled VAOKHO JYJYI.
  6276 | D:6      | 6276 ||| ENCHANTING +2 arbalest of draining.
  6277 | D:6      | 6277 ||| DROPPING potion of berserk rage.
  6341 | D:7      | Reached skill level 6 in Dodging
  6417 | D:7      | 6417 ||| RETREEEEATING.
  6419 | D:7      | Reached skill level 10 in Ranged Weapons
  6428 | D:7      | Reached skill level 6 in Fighting
  6513 | D:7      | 6513 ||| UPGRADING to +0 steam dragon scales.
  6523 | D:7      | 6523 ||| DROPPING +3 robe of Lom Joror {Rampage Stlth+
                  | Archmagi}.
  6599 | D:7      | 6599 ||| RETREEEEATING.
  6600 | D:7      | 6600 ||| RETREEEEATING.
  6601 | D:7      | 6601 ||| RETREEEEATING.
  6602 | D:7      | 6602 ||| RETREEEEATING.
  6716 | D:7      | 6716 ||| READING scroll of identify.
  6716 | D:7      | 6716 ||| IDENTIFYING lumpy clear potion
  6717 | D:7      | 6717 ||| READING scroll labelled AVOIRUKELU.
  6718 | D:7      | 6718 ||| DROPPING potion of invisibility.
  6775 | D:8      | 6775 ||| RETREEEEATING.
  6778 | D:8      | 6778 ||| RETREEEEATING.
  6779 | D:8      | 6779 ||| RETREEEEATING.
  6780 | D:8      | 6780 ||| RETREEEEATING.
  6785 | D:8      | Noticed a rime drake
  6786 | D:8      | 6786 ||| DRINKING potion of haste.
  6792 | D:8      | Killed a rime drake
  6793 | D:8      | Reached skill level 11 in Ranged Weapons
  6793 | D:8      | Reached XP level 10. HP: 69/84 MP: 13/13
  6853 | D:8      | Noticed Psyche
  6858 | D:8      | Killed Psyche
  6949 | D:8      | Noticed Erica
  6958 | D:8      | HP: 21/84 [something (5)]
  6959 | D:8      | HP: 3/84 [something/bolt of poison (15)]
  6960 | D:8      | Succumbed to Erica's bolt of poison

Levels and vault maps discovered:
D:1:      heliophobic_arrival_glass_houses, layout_basic, corexii_corridor_pit,
          dk_noncrumbling_3, minmay_pentomino_p2
D:2:      layout_rooms
D:3:      layout_loops_ring, portal_sewer_entry_c
D:4:      layout_basic, mainiacjoe_overflow_paths, brannock_xom_greatest_gift,
          serial_bayou, serial_bayou_pond_e, serial_bayou_lagoon_a,
          serial_bayou_pond_c, serial_bayou_crossing
D:5:      layout_gridville, grunt_gozag_statues, elyvilon_altar_5,
          minmay_temple_entry_tees, minivault_14
D:6:      layout_loops_ring, zin_angel, hangedman_ru_absence, enter_ossuary_4,
          serial_shops, nicolae_lakefront_shop, hangedman_glass_garden,
          nzn_random_ring
D:7:      layout_rooms, nemelex_altar_shiori, grunt_dithmenos_smoke_and_mirrors,
          serial_glass, glass_columns_b, glass_columns_b, glass_columns_c,
          glass_columns_b
D:8:      layout_basic, kennysheep_mini, nicolae_qazlal_style_of_elements,
          lemuel_doored_altar, hellmonk_lair_entry_icy, enter_bailey_5,
          lightli_minifort, uniq_psyche, uniq_erica

Skill      XL: |  1  2  3  4  5  6  7  8  9 10 |
---------------+-------------------------------+-----
Ranged Weapons | 4 5 6 7 8 9 11 | 11.0
Fighting       | 2 3 4 5 6 |  6.4
Dodging        | 2 3 5 6 7 |  7.0
Armour         | 1 2 |  2.5
Stealth        | |  0.8

Action                     |  1- 3 |  4- 6 |  7- 9 | 10-12 || total
---------------------------+-------+-------+-------+-------++-------
   Fire: Shortbow          |   133 |   237 |       |       ||   370
         Arbalest          |       |     7 |   201 |    27 ||   235
    Use: Scroll            |     1 |     7 |     9 |       ||    17
         Potion            |       |     2 |     2 |       ||     4
 Armour: Leather armour    |    39 |     3 |       |       ||    42
         Ring mail         |       |   148 |    27 |       ||   175
         Robe              |       |       |    21 |       ||    21
         Steam dragon scal |       |       |    10 |     9 ||    19
  Dodge: Dodged            |    48 |   110 |    78 |     6 ||   242

Table legend:
 A = Non-vault XP
 B = Vault XP
 C = Vault XP percentage of total XP
 D = Non-vault monster count
 E = Vault monster count
 F = Vault count percentage of total count
                 A         B        C        D         E       F
            +---------+---------+-------+---------+---------+-------
      Total |    4932 |    2551 |  34.1 |     162 |      49 |  23.2
            +---------+---------+-------+---------+---------+-------
        D:1 |      53 |       2 |   3.6 |      31 |       1 |   3.1
        D:2 |      62 |       0 |   0.0 |      14 |       0 |   0.0
        D:3 |     152 |      22 |  12.6 |      15 |       5 |  25.0
        D:4 |     359 |       0 |   0.0 |      22 |       0 |   0.0
        D:5 |     523 |       0 |   0.0 |      17 |       0 |   0.0
        D:6 |     835 |    1303 |  60.9 |      26 |      22 |  45.8
        D:7 |    2193 |       0 |   0.0 |      23 |       0 |   0.0
        D:8 |     755 |    1066 |  58.5 |      14 |       5 |  26.3
      Sewer |       0 |     158 | 100.0 |       0 |      16 | 100.0
            +---------+---------+-------+---------+---------+-------
